AoeStats
← CalvaroLDS

MegaRandom

510360369Analyzed
4v4 RM · 2d ago on Sep 30, 2026· 12m 13s· 8 players
Game mode
Random Map
Map size
Large (8 player)
Population
200
Speed
Normal
Resources
Standard
Victory
Conquest
Starting age
Dark Age
Ending age
Imperial Age
RankedLock teamsTeams togetherTeam positionsShared explorationLock speedFull tech treeHidden civsTurbo modeCheats
Victory
Defeat
🇺🇸 Saxons · United States
990
+16
🇮🇪 Varangians · Ireland
979
+16
🇳🇴 Bohemians · Norway
955
+49
🇬🇧 Japanese · United Kingdom
900
+19
🇲🇿 Saxons · Mozambique
1102
-22
🇲🇿 Burgundians · Mozambique
967
-17
🇲🇿 Persians · Mozambique
941
-15
🇲🇿 Varangians · Mozambique
897
-14
mrbubbles019
7:00 Loom
10:06 Feudal Age
11:12 Double-Bit Axe
12:14 Town Watch
GodlySiege
11:28 Feudal Age
11:41 Loom
MS2GUD1068
0:42 Loom
Alpha Robeeert
4:40 Loom
13:58 Feudal Age
Ociru3
0:37 Loom
10:48 Feudal Age
Black_Bird
7:46 Loom
11:41 Feudal Age
CalvaroLDS
Ragnarök
9:52 Loom
Connection lost

Rejoining the realm…

Still unreachable

The connection could not be restored.

Session expired

The server has moved on; the page needs a fresh start.